[ AOE2 MATCH · #505199316 ]
UnrankedRomans vs Malians
Player's team · WIN
Rival team · LOSS
[ REPLAY ANALYSIS · EXTRACTED FROM THE RECORDED GAME ]
Feudal
10:31
Castle
14:04
Imperial
—
| APM avg | 51.9 |
| APM peak | 71 |
| eAPM avg | 21.6 |
| Villagers / military | 49 / 40 |
Focus
⚔️ 29.9% · 🌾 70.1%
Scorpion ×34 · Battering Ram ×6
Feudal
10:53
Castle
—
Imperial
—
| APM avg | 73.5 |
| APM peak | 129 |
| eAPM avg | 27.6 |
| Villagers / military | 51 / 43 |
Focus
⚔️ 31.7% · 🌾 68.3%
Scout Cavalry ×25 · Archer ×11 · Militia ×7
Match map
Initial resources + every placement click. Lines = walls · curves = elevation contours. ◆ gold · ⬟ stone · ● berries · ✦ relic · ◌ wall gap
Your base· Open — 5t gap
uel's base· Open — unwalled flank
Smoothed initial terrain · ◌ = detected wall gap · hover for details
Inputs per minute
— Player46887455 - - uel
Build order — Player46887455
134 actions detected in the replay
| 0:01 | Create | Villager (Male) |
| 0:01 | Create | Villager (Male) |
| 0:01 | Create | Villager (Male) |
| 0:02 | Build | House |
| 0:03 | Build | House |
| 0:08 | Create | Villager (Male) |
| 0:08 | Create | Villager (Male) |
| 0:08 | Create | Villager (Male) |
| 1:23 | Create | Villager (Male) |
| 1:23 | Create | Villager (Male) |
| 1:23 | Create | Villager (Male) |
| 1:56 | Create | Villager (Male) |
| 1:56 | Create | Villager (Male) |
| 2:25 | Create | Villager (Male) |
| 2:25 | Create | Villager (Male) |
| 2:25 | Create | Villager (Male) |
| 2:38 | Build | Lumber Camp |
| 2:50 | Create | Villager (Male) |
| 2:50 | Create | Villager (Male) |
| 3:20 | Create | Villager (Male) ×3 |
| 3:20 | Create | Villager (Male) ×3 |
| 3:20 | Create | Villager (Male) ×3 |
| 3:37 | Create | Villager (Male) |
| 3:37 | Create | Villager (Male) |
| 3:54 | Build | House |
| 4:41 | Create | Villager (Male) |
| 4:41 | Create | Villager (Male) |
| 5:05 | Create | Villager (Male) |
| 5:05 | Create | Villager (Male) |
| 5:05 | Create | Villager (Male) |
| 5:32 | Build | House |
| 5:49 | Build | Mill |
| 6:00 | Build | Mill |
| 6:08 | Create | Villager (Male) |
| 6:10 | Build | Mill |
| 6:18 | Build | Palisade Wall |
| 6:23 | Research | Loom |
| 6:31 | Build | Palisade Wall |
| 6:45 | Build | Palisade Wall |
| 6:56 | Create | Villager (Male) |
| 7:10 | Create | Villager (Male) |
| 7:50 | Create | Villager (Male) |
| 8:13 | Research | Feudal Age |
| 8:27 | Build | Palisade Wall |
| 9:18 | Create | Villager (Male) |
| 10:31 | Age | Feudal Age |
| 10:33 | Build | Market |
| 10:35 | Build | Blacksmith |
| 10:48 | Build | Palisade Wall |
| 11:00 | Research | Double-Bit Axe |
| 11:07 | Create | Villager (Male) |
| 11:24 | Research | Castle Age |
| 11:36 | Build | Palisade Wall |
| 12:16 | Build | Lumber Camp |
| 12:18 | Build | Palisade Wall |
| 12:47 | Build | Palisade Wall |
| 12:55 | Build | Mining Camp |
| 13:04 | Build | Palisade Wall |
| 13:07 | Build | Palisade Wall |
| 13:13 | Build | Palisade Wall |
| 13:20 | Build | Palisade Wall |
| 13:29 | Build | Palisade Wall |
| 13:51 | Build | Palisade Wall |
| 13:59 | Research | Town Watch |
| 14:04 | Age | Castle Age |
| 14:07 | Build | House |
| 14:13 | Build | Siege Workshop |
| 14:25 | Create | Villager (Male) |
| 14:40 | Create | Scorpion |
| 14:41 | Create | Scorpion |
| 14:53 | Build | Palisade Wall |
| 14:54 | Build | Palisade Wall |
| 15:04 | Create | Scorpion |
| 15:04 | Create | Scorpion |
| 15:18 | Create | Villager (Male) |
| 15:19 | Create | Villager (Male) |
| 15:26 | Build | House |
| 15:40 | Create | Scorpion |
| 15:44 | Create | Villager (Male) |
| 15:50 | Build | Palisade Wall |
| 16:07 | Create | Scorpion |
| 16:09 | Create | Villager (Male) |
| 16:09 | Create | Villager (Male) |
| 16:09 | Create | Villager (Male) |
| 16:19 | Build | House |
| 16:21 | Build | House |
| 16:32 | Create | Scorpion |
| 16:37 | Build | Palisade Wall |
| 16:48 | Build | Siege Workshop |
| 17:11 | Build | House |
| 17:34 | Create | Scorpion |
| 17:46 | Create | Scorpion |
| 17:47 | Create | Scorpion |
| 17:47 | Create | Scorpion |
| 17:47 | Create | Scorpion |
| 18:04 | Build | Palisade Wall |
| 18:18 | Build | House |
| 18:23 | Build | House |
| 18:32 | Create | Scorpion |
| 18:32 | Create | Scorpion |
| 18:35 | Build | House |
| 18:47 | Build | Palisade Wall |
| 18:53 | Build | Palisade Wall |
| 19:06 | Create | Battering Ram |
| 19:06 | Create | Battering Ram |
| 19:06 | Create | Battering Ram |
| 19:25 | Create | Scorpion |
| 19:26 | Create | Scorpion |
| 20:02 | Create | Scorpion |
| 20:12 | Create | Scorpion |
| 20:12 | Create | Scorpion |
| 20:13 | Create | Scorpion |
| 20:30 | Create | Scorpion |
| 21:00 | Create | Scorpion ×2 |
| 21:00 | Create | Scorpion ×2 |
| 21:35 | Create | Battering Ram |
| 22:28 | Create | Battering Ram |
| 22:33 | Build | Farm |
| 22:49 | Create | Scorpion ×2 |
| 23:10 | Build | House |
| 23:14 | Build | Farm |
| 23:16 | Build | Farm |
| 23:18 | Build | Farm |
| 23:27 | Create | Scorpion ×2 |
| 23:27 | Create | Scorpion ×2 |
| 23:51 | Create | Scorpion |
| 24:34 | Create | Battering Ram |
| 24:37 | Create | Villager (Male) |
| 24:50 | Create | Scorpion |
| 24:52 | Build | House |
| 25:18 | Create | Scorpion |
| 25:19 | Create | Villager (Male) |
| 25:20 | Create | Villager (Male) |
| 25:20 | Create | Villager (Male) |
Build order — uel
First 150 of 156 actions detected
| 0:01 | Create | Villager (Male) |
| 0:01 | Create | Villager (Male) |
| 0:02 | Create | Villager (Male) |
| 0:02 | Build | House |
| 0:03 | Build | House |
| 0:12 | Create | Villager (Male) |
| 1:28 | Create | Villager (Male) |
| 1:54 | Build | Lumber Camp |
| 2:02 | Create | Villager (Male) |
| 2:03 | Create | Villager (Male) |
| 2:14 | Create | Villager (Male) |
| 2:39 | Create | Villager (Male) |
| 2:40 | Create | Villager (Male) |
| 3:03 | Create | Villager (Male) |
| 3:03 | Create | Villager (Male) |
| 3:28 | Create | Villager (Male) |
| 3:29 | Create | Villager (Male) |
| 3:50 | Build | House |
| 4:00 | Create | Villager (Male) |
| 4:17 | Build | Barracks |
| 4:22 | Create | Villager (Male) |
| 4:22 | Create | Villager (Male) |
| 4:34 | Build | House |
| 4:42 | Create | Villager (Male) |
| 4:51 | Create | Villager (Male) |
| 4:57 | Build | House |
| 5:15 | Create | Militia |
| 5:15 | Create | Militia |
| 5:26 | Create | Villager (Male) |
| 5:41 | Create | Militia |
| 5:48 | Research | Loom |
| 6:01 | Create | Militia |
| 6:16 | Build | Mill |
| 6:18 | Create | Villager (Male) |
| 6:21 | Create | Villager (Male) |
| 7:22 | Create | Villager (Male) |
| 7:26 | Create | Villager (Male) |
| 7:27 | Research | Loom |
| 8:31 | Build | Lumber Camp |
| 8:43 | Research | Feudal Age |
| 8:48 | Build | Farm |
| 8:49 | Build | Farm |
| 9:06 | Build | Farm |
| 9:21 | Build | House |
| 9:35 | Build | Mining Camp |
| 9:57 | Create | Militia |
| 10:00 | Create | Militia |
| 10:29 | Create | Villager (Male) |
| 10:33 | Create | Militia |
| 10:36 | Build | House |
| 10:53 | Age | Feudal Age |
| 11:00 | Build | Watch Tower |
| 11:02 | Create | Villager (Male) |
| 11:04 | Research | Man-at-Arms (upgrade) |
| 11:05 | Research | Double-Bit Axe |
| 11:23 | Build | Archery Range |
| 11:26 | Create | Villager (Male) |
| 11:51 | Create | Villager (Male) |
| 12:13 | Build | Mining Camp |
| 12:14 | Create | Villager (Male) |
| 12:17 | Build | Farm |
| 12:27 | Create | Archer |
| 12:40 | Create | Archer |
| 12:41 | Create | Villager (Male) |
| 12:45 | Build | House |
| 12:45 | Build | House |
| 12:55 | Create | Villager (Male) |
| 12:57 | Build | Farm |
| 13:06 | Build | Farm |
| 13:14 | Create | Archer |
| 13:40 | Create | Archer |
| 13:43 | Build | Farm |
| 13:46 | Build | Farm |
| 13:47 | Create | Villager (Male) |
| 13:47 | Create | Villager (Male) |
| 13:47 | Create | Villager (Male) |
| 13:59 | Build | Farm |
| 14:21 | Create | Archer |
| 14:28 | Build | House |
| 14:28 | Create | Villager (Male) |
| 14:41 | Build | Watch Tower |
| 14:44 | Build | Farm |
| 14:46 | Build | Farm |
| 14:47 | Create | Villager (Male) |
| 15:09 | Create | Villager (Male) |
| 15:29 | Build | Stable |
| 15:42 | Create | Archer |
| 15:48 | Create | Villager (Male) |
| 15:49 | Build | House |
| 15:50 | Create | Villager (Male) |
| 15:53 | Create | Villager (Male) |
| 16:11 | Build | Blacksmith |
| 16:19 | Create | Scout Cavalry |
| 16:19 | Create | Scout Cavalry |
| 16:22 | Create | Archer |
| 16:45 | Research | Fletching |
| 16:54 | Build | House |
| 16:55 | Build | House |
| 16:59 | Create | Archer |
| 17:11 | Build | Watch Tower |
| 17:13 | Create | Scout Cavalry |
| 17:28 | Create | Villager (Male) |
| 17:38 | Create | Villager (Male) |
| 18:03 | Create | Scout Cavalry |
| 18:14 | Create | Villager (Male) |
| 18:29 | Build | Farm |
| 18:33 | Build | Mill |
| 18:33 | Build | Farm |
| 18:34 | Build | Farm |
| 18:34 | Build | Farm |
| 18:34 | Build | Farm |
| 18:55 | Research | Forging |
| 18:55 | Research | Forging |
| 19:03 | Build | Watch Tower |
| 19:14 | Create | Scout Cavalry |
| 19:42 | Create | Scout Cavalry |
| 19:47 | Build | Farm |
| 19:53 | Build | Farm |
| 19:54 | Build | Farm |
| 19:55 | Build | Farm |
| 19:56 | Create | Villager (Male) |
| 20:22 | Create | Villager (Male) |
| 20:24 | Build | Market |
| 20:30 | Create | Scout Cavalry |
| 20:40 | Create | Scout Cavalry |
| 21:15 | Create | Scout Cavalry |
| 21:19 | Create | Scout Cavalry |
| 21:41 | Build | Stable |
| 21:49 | Create | Scout Cavalry |
| 22:15 | Create | Scout Cavalry |
| 22:20 | Create | Villager (Male) |
| 22:20 | Create | Villager (Male) |
| 22:28 | Create | Scout Cavalry |
| 22:32 | Create | Scout Cavalry |
| 22:46 | Create | Villager (Male) |
| 22:50 | Research | Scale Barding Armor |
| 22:57 | Build | Farm |
| 23:12 | Build | Stable |
| 23:16 | Create | Scout Cavalry |
| 23:20 | Build | Farm |
| 23:22 | Create | Archer |
| 23:23 | Create | Archer |
| 23:38 | Create | Scout Cavalry |
| 23:52 | Create | Scout Cavalry |
| 23:52 | Create | Scout Cavalry |
| 23:52 | Create | Scout Cavalry |
| 24:04 | Create | Villager (Male) |
| 24:04 | Create | Villager (Male) |
| 24:04 | Create | Villager (Male) |
| 24:27 | Create | Scout Cavalry |
Match timeline
| 4:17 | uel · first_building Barracks |
| 6:18 | Player46887455 · wall_segment Palisade Wall x2 |
| 6:31 | Player46887455 · wall_segment Palisade Wall x2 |
| 6:45 | Player46887455 · wall_segment Palisade Wall x4 |
| 8:27 | Player46887455 · wall_segment Palisade Wall x4 |
| 10:31 | Player46887455 · age_up feudal |
| 10:48 | Player46887455 · wall_segment Palisade Wall x5 |
| 10:53 | uel · age_up feudal |
| 11:21 | Player46887455 · first_market_sell 100 stone |
| 11:23 | uel · first_building Archery Range |
| 11:36 | Player46887455 · wall_segment Palisade Wall x3 |
| 12:18 | Player46887455 · wall_segment Palisade Wall x3 |
| 12:47 | Player46887455 · wall_segment Palisade Wall x1 |
| 13:04 | Player46887455 · wall_segment Palisade Wall x5 |
| 13:07 | Player46887455 · wall_segment Palisade Wall x3 |
| 13:13 | Player46887455 · wall_segment Palisade Wall x3 |
| 13:20 | Player46887455 · wall_segment Palisade Wall x1 |
| 13:29 | Player46887455 · wall_segment Palisade Wall x2 |
| 13:51 | Player46887455 · wall_segment Palisade Wall x7 |
| 14:04 | Player46887455 · age_up castle |
| 14:13 | Player46887455 · first_building Siege Workshop |
| 14:53 | Player46887455 · wall_segment Palisade Wall x1 |
| 14:54 | Player46887455 · wall_segment Palisade Wall x1 |
| 15:29 | uel · first_building Stable |
| 15:50 | Player46887455 · wall_segment Palisade Wall x12 |
| 16:37 | Player46887455 · wall_segment Palisade Wall x7 |
| 16:41 | Player46887455 · first_market_buy 100 wood |
| 18:04 | Player46887455 · wall_segment Palisade Wall x1 |
| 18:47 | Player46887455 · wall_segment Palisade Wall x8 |
| 18:53 | Player46887455 · wall_segment Palisade Wall x12 |
| 22:30 | uel · first_market_sell 100 wood |
| 22:31 | uel · first_market_buy 100 food |
| 25:28 | uel · resign |
[ AI ANALYSIS · 1 CREDIT ]
What really happened in this match?
Wolo.gg analyzes every decision: build order, eco, micro, common mistakes by bracket. Personalized analysis on WhatsApp or Discord in 30 seconds.
Civ guide
Romans
Perfil
Player46887455